 Dungeon Crawl Stone Soup version 0.30-b1-2-g02819fbbbe (webtiles) character file.

Game seed: 2847131762755757172

91 snakesoul the Shooter (level 4, -2/27 HPs)
             Began as a Tengu Hunter on June 13, 2023.
             Slain by Robin
             ... wielding a +0 spear
              (3 damage)
             ... on level 3 of the Dungeon.
             The game lasted 00:02:17 (1288 turns).

snakesoul the Shooter (Tengu Hunter)                Turns: 1288, Time: 00:02:17

Health: -2/27      AC:  3    Str: 11    XL:     4   Next: 59%
Magic:  5/5        EV: 13    Int: 10    God:
Gold:   189        SH:  0    Dex: 19    Spells: 3/3 levels left

rFire   . . .        b - +0 falchion
rCold   . . .        (no shield)
rNeg    . . .        c - +0 leather armour
rPois   .            (helmet restricted)
rElec   .            (no cloak)
rCorr   .            (no gloves)
SInv    .            (boots unavailable)
Will    .....        (no amulet)
Stlth   ++           (no ring)
HPRegen 0.24/turn    (no ring)
MPRegen 0.09/turn

%: no passive effects
@: no status effects
A: beak, talons 3
a: no special abilities


You were on level 3 of the Dungeon.
You visited 1 branch of the dungeon, and saw 3 of its levels.

You collected 189 gold pieces.

Inventory:

Hand Weapons
 a - a +0 shortbow
 b - a +0 falchion (weapon)
Armour
 c - a +0 leather armour (worn)
Scrolls
 d - a scroll of immolation
 g - a scroll of enchant armour {unknown}
 h - 3 scrolls of enchant weapon {unknown}
 i - a scroll of fog {unknown}
 k - a scroll of fear {unknown}
 l - a scroll of blinking {unknown}
 m - a scroll of brand weapon {unknown}
Potions
 f - a potion of mutation {unknown}
 j - a potion of haste {unknown}


   Skills:
 + Level 2.7 Fighting
 + Level 0.8 Long Blades
 * Level 5.4 Ranged Weapons
 + Level 3.1 Dodging
 - Level 1.0 Stealth


You had 3 spell levels left.
You didn't know any spells.
Your spell library contained the following spells:

 Spells                   Type           Power      Damage    Failure   Level
 Frozen Ramparts          Ice            0%         1d1       83%         3
 Ice Form                 Ice/Tmut       0%         N/A       99%         4
 Summon Ice Beast         Ice/Summ       0%         N/A       99%         4


Dungeon Overview and Level Annotations

Branches:
Dungeon (3/15)

Altars:
Wu Jian

Shops:
D:3 (

Annotations:
D:3 Robin


Innate Abilities, Weirdness & Mutations

You have a beak for a mouth.
You have claws for feet.


Message History

The goblin misses you. The goblin barely misses you.
You shoot an arrow. The arrow hits the goblin.
You kill the goblin!
The goblin hits you with a +0 dagger. x2
You shoot an arrow. The arrow closely misses the goblin.
The arrow barely misses Robin.
The arrow hits the kobold.
The kobold is severely wounded.
The goblin no longer looks unusually strong.
Robin roars a battlecry!
The goblin goes into a battle-frenzy!
The goblin hits you with a +0 dagger.
b - a +0 falchion (weapon)
The goblin hits you with a +0 dagger.
Robin hits you from afar with a +0 spear.
You are too injured to fight recklessly!
You are too injured to fight recklessly!
You are too injured to fight recklessly!
You are too injured to fight recklessly!
You closely miss the goblin. You peck the goblin.
The goblin is heavily wounded.
The goblin hits you with a +0 dagger. Robin throws the goblin at you!
* * * LOW HITPOINT WARNING * * *
Robin hits you but does no damage.
You hit Robin. You claw Robin, but do no damage. Your peck misses Robin.
Robin is moderately wounded.
Robin closely misses you. The goblin hits you with a +0 dagger.
* * * LOW HITPOINT WARNING * * *
You slash Robin!
Robin is severely wounded.
Robin barely misses you. The goblin closely misses you.
You hit Robin but do no damage. You claw Robin.
You peck Robin, but do no damage.
Robin is severely wounded.
Robin closely misses you. The goblin hits you but does no damage.
Robin hits you with a +0 spear.
* * * LOW HITPOINT WARNING * * *
The goblin closely misses you.
It was a potion of magic.
Magic courses through your body. Robin hits you with a +0 spear.
You die...

... #### #.. #..#
#.# ###..# #..#
######....#
####..##......#.##
.........######.#
####....# #)#
####.#### #g#
#....###@#
##.<...##g#
#.......#K#
..........#.#
####.........#
##.......##
#......)##
#......K#
#.....).#


You could see Robin, a goblin (strong) and a kobold.

Vanquished Creatures
  3 adders
  A worm (D:2)
  A dart slug (D:2)
  An orc (D:2)
  3 ball pythons
  4 endoplasms
  5 giant cockroaches
  9 goblins
  6 hobgoblins
  5 jackals (D:1)
  2 kobolds
  2 quokkas (D:1)
  3 bats
  A frilled lizard (D:2)
  4 rats
50 creatures vanquished.

Notes
Turn   | Place    | Note
-------+----------+-------------------------------------------
     0 | D:1      | snakesoul the Tengu Hunter began the quest for the Orb.
     0 | D:1      | Reached XP level 1. HP: 12/12 MP: 2/2
    69 | D:1      | Reached XP level 2. HP: 17/17 MP: 3/3
   295 | D:1      | Reached XP level 3. HP: 22/22 MP: 4/4
   392 | D:1      | Reached skill level 5 in Ranged Weapons
  1019 | D:2      | Found an ornate altar of the Wu Jian Council.
  1026 | D:2      | Reached XP level 4. HP: 27/27 MP: 5/5
  1245 | D:3      | Found Jyukk's Antique Weapon Shoppe.
  1266 | D:3      | Noticed Robin
  1287 | D:3      | HP: 1/27 [Robin/+0 spear (5)]
  1288 | D:3      | Slain by Robin

Illustrated notes

Levels and vault maps discovered:
D:1:      dpeg_arrival_court, layout_rooms
D:2:      layout_basic, basic_altar
D:3:      layout_rooms, serial_shops, shop, shop, nicolae_shop_dealshenge,
          hangedman_decor_growths, minmay_stone_trees_small, uniq_robin,
          uniq_grinder

Skill      XL: |  1  2  3 |
---------------+----------+-----
Ranged Weapons | 5 |  5.4
Dodging        | 3 |  3.1
Fighting       | |  2.7
Long Blades    | |  0.8
Stealth        | |  1.0

Action                     |  1- 3 |  4- 6 || total
---------------------------+-------+-------++-------
  Melee: Falchion          |     3 |     7 ||    10
         Kick              |     1 |     3 ||     4
         Peck              |       |     2 ||     2
   Fire: Shortbow          |    70 |    30 ||   100
    Use: Potion            |       |     1 ||     1
 Armour: Leather armour    |     4 |     4 ||     8
  Dodge: Dodged            |    20 |    21 ||    41
